 Dungeon Crawl Stone Soup version 0.29-a0-72-g1732ff48e7 (webtiles) character file.

Game seed: 9047722814882980714

46 HallandMoats the Skirmisher (level 3, 0/26 HPs)
             Began as an Octopode Monk on Feb 4, 2022.
             Was a Believer of Nemelex Xobeh.
             Slain by a gnoll (4 damage)
             ... on level 1 of the Dungeon.
             The game lasted 00:01:39 (1090 turns).

HallandMoats the Skirmisher (Octopode Monk)         Turns: 1090, Time: 00:01:39

Health: 0/26       AC:  1    Str: 12    XL:     3   Next: 68%
Magic:  3/3        EV: 14    Int: 12    God:    Nemelex Xobeh [**....]
Gold:   16         SH:  0    Dex: 14    Spells: 2/2 levels left

rFire   . . .      SeeInvis .     - Unarmed
rCold   . . .      Faith    .   (no shield)
rNeg    . . .      Spirit   .   (helmet restricted)
rPois   .          Reflect  .   (no amulet)
rElec   .          Harm     .   (no ring)
rCorr   .          Rampage  .   (no ring)
Will    .....                   (no ring)
Stlth   +++.......              (no ring)
HPRegen 0.08/turn               (no ring)
MPRegen 0.08/turn               (no ring)
                                (no ring)
                                (no ring)

@: no status effects
A: almost no armour, amphibious, 8 rings, camouflage 1, gelatinous body 1,
(nimble swimmer 1), tentacles
a: Renounce Religion, Draw Escape, Draw Destruction, Draw Summoning


You were on level 1 of the Dungeon.
You worshipped Nemelex Xobeh.
Nemelex Xobeh was pleased with you.
You visited 1 branch of the dungeon, and saw 2 of its levels.

You collected 16 gold pieces.

Inventory:

Scrolls
 b - a scroll of noise {unknown}
 c - 2 scrolls of magic mapping {unknown}
 d - a scroll of immolation {unknown}
 e - a scroll of teleportation {unknown}
Potions
 a - 2 potions of berserk rage {unknown}
 f - a potion of heal wounds {unknown}


   Skills:
 * Level 3.5 Fighting
 + Level 3.2 Dodging
 + Level 3.3 Stealth
 * Level 3.5 Unarmed Combat


You had 2 spell levels left.
You didn't know any spells.
Your spell library was empty.

Dungeon Overview and Level Annotations

Branches:
Dungeon (2/15)

Altars:
Nemelex Xobeh

Shops:
D:1 =


Innate Abilities, Weirdness & Mutations

You cannot wear most types of armour.
You are amphibious.
You can wear up to eight rings at the same time.
Your skin changes colour to match your surroundings (Stealth+).
Your rubbery body absorbs attacks. (AC +1, EV +1)
((You are camouflaged when in or above water. (Stealth+)))
You have tentacles for arms and can constrict up to eight enemies at once.


Message History

The gnoll shouts!
There is a stone staircase leading up, spattered with blood here.
There is a stone staircase leading up, spattered with blood here.
The gnoll hits you with a +0 spear.
You tentacle-slap the gnoll but do no damage.
Your grab misses the gnoll. You squeeze the gnoll.
The gnoll is moderately wounded.
The gnoll closely misses you.
You bludgeon the gnoll! Your grab misses the gnoll.
The gnoll is almost dead.
The gnoll hits you but does no damage.
The gnoll shouts!
You tentacle-slap the gnoll.
You kill the gnoll!
You swing at nothing.
There is a stone staircase leading up, spattered with blood here.
You see here a +0 spear.
The gnoll hits you with a +0 spear!
There is a stone staircase leading up, spattered with blood here.
You see here a +0 spear.
Unknown command.
The gnoll hits you from afar with a +0 spear.
You climb upwards.
There is a stone staircase leading down here.
You tentacle-slap the gnoll. You grab the gnoll.
You squeeze the gnoll, but do no damage.
The gnoll is lightly wounded.
You constrict the gnoll. The gnoll closely misses you.
You tentacle-slap the gnoll.
The gnoll is moderately wounded.
You constrict the gnoll. The gnoll hits you with a +0 spear.
You tentacle-slap the gnoll.
The gnoll is heavily wounded.
You constrict the gnoll. The gnoll hits you with a +0 spear!
* * * LOW HITPOINT WARNING * * *
You tentacle-slap the gnoll but do no damage.
The gnoll is severely wounded.
You constrict the gnoll. The gnoll hits you with a +0 spear.
You die...
Your body glows slightly and disappears.

#.##### ###########.#.####.##.#
#.# #....)........#....#.†# #.#
#.#.####..#.#...#..#..# #.######
#.#.......#.#.........# .......#
#.#...#.......#.####.## .......#
#.######.##.#...####.# .......#
#.##...............#.#
.......####.##.###.##.....##.#.##
...............)@................
....#######.##.##g.####.######.#.
#.#.# #.##.##..#...........#.
..#.# #.#.........#.########.
###.#######.#..##.....#.# #.
#.........#.#..##.....#.###### #.
....#####.#.#..##.....#......# #.
#.### #.#.#..##..........#.###.
#.##### #.#.#..##................


You could see a gnoll.

Vanquished Creatures
  4 gnolls
  2 endoplasms (D:1)
  A hobgoblin (D:1)
  2 frilled lizards
  A kobold (D:1)
  A rat (D:1)
11 creatures vanquished.

Notes
Turn   | Place    | Note
-------+----------+-------------------------------------------
     0 | D:1      | HallandMoats the Octopode Monk began the quest for the Orb.
     0 | D:1      | Reached XP level 1. HP: 16/16 MP: 1/1
   161 | D:1      | Found Ibybojia's One-of-a-Kind Rings.
   474 | D:1      | Found a faded altar of an unknown god.
   554 | D:1      | Prayed at the altar of an unknown god.
   554 | D:1      | Became a worshipper of Nemelex Xobeh the Trickster
   554 | D:1      | Reached * piety under Nemelex Xobeh
   554 | D:1      | Received a gift from Nemelex Xobeh
   554 | D:1      | Reached ** piety under Nemelex Xobeh
   554 | D:1      | Received a gift from Nemelex Xobeh
   843 | D:2      | Reached XP level 2. HP: 21/21 MP: 2/2
   862 | D:1      | Reached XP level 3. HP: 24/26 MP: 3/3
  1090 | D:1      | Slain by a gnoll

Illustrated notes

Levels and vault maps discovered:
D:1:      scummos_arrival_checkerplants, layout_basic,
          ebering_ecumenical_altar_hall, nicolae_shop_unique_rings
D:2:      layout_loops_ring, uniq_jessica

Skill      XL: |  1  2 |
---------------+-------+-----
Stealth        | 3 |  3.3
Fighting       | |  3.5
Dodging        | |  3.2
Unarmed Combat | |  3.5

Action                   || total
-------------------------++-------
Melee: Unarmed           ||    26
       Constrict         ||     7
       Tentacles         ||     8
 Stab: Sleeping          ||     5
Armor: Skin              ||     1
Dodge: Dodged            ||    11

Table legend: (Time is in decaauts)
 A = Elapsed time spent in this place.
 B = Non-inter-level travel time spent in this place.
 C = Inter-level travel time spent in this place.
 D = Time resting spent in this place.
 E = Time spent auto-exploring this place.
 F = Levels seen in this place.
 G = Mean time per level.
                   A        B        C        D        E       F      G
               +--------+--------+--------+--------+--------+-----+--------+
         Total |   1091 |   1032 |     59 |    186 |    716 |   2 |  545.5 |
       Dungeon |   1091 |   1032 |     59 |    186 |    716 |   2 |  545.5 |
               +--------+--------+--------+--------+--------+-----+--------+

Top non-repeatable levels by time:
     D:1: 1043 daAuts
     D:2: 48 daAuts
